 Dungeon Crawl Stone Soup version 0.26-b1-32-g5d43845318 (webtiles) character file.

Game seed: 3786083239627212275

23852 salade2fruit the Fighter (level 13, -9/183 HPs)
             Began as a Formicid Chaos Knight on Jan 9, 2021.
             Was a Plaything of Xom.
             Mangled by Jorgrun (14 damage)
             ... on level 1 of the Orcish Mines.
             The game lasted 00:40:03 (15616 turns).

salade2fruit the Fighter (Formicid Chaos Knight)   Turns: 15616, Time: 00:40:05

Health: -9/183     AC: 26    Str: 18    XL:     13   Next: 38%
Magic:  13/13      EV: -1    Int: 14    God:    Xom [...*..]
Gold:   1092       SH:  7    Dex: 15    Spells: 12/12 levels left

rFire    + . .     SeeInvis .   j - +1 scimitar (flame)
rCold    . . .     Faith    .   r - +2 buckler
rNeg     + + +     Spirit   .   (armour currently unavailable)
rPois    +         Reflect  .   (helmet unavailable)
rElec    .         Harm     .   (cloak currently unavailable)
rCorr    .         Rampage  .   (gloves currently unavailable)
Will     +++..                  (boots currently unavailable)
Stlth    +.........             (no amulet)
HPRegen  1.20/turn              G - +4 ring of evasion
MPRegen  0.13/turn              m - ring "Foin" {rF+ Will+ Str-4 Int+2 Dex+5}

@: tree-form, grasped by roots, constricted
A: permanent stasis, dig shafts and tunnels, four strong arms, strong-willed 1,
sense surroundings 1, regeneration 2, robust 1
a: Renounce Religion


You were on level 1 of the Orcish Mines.
You worshipped Xom.
You were a favourite toy of Xom.
You were a tree.
You visited 3 branches of the dungeon, and saw 14 of its levels.
You also visited: Sewer and Bailey.

You collected 1092 gold pieces.

Inventory:

Hand Weapons
 j - a +1 scimitar of flaming (weapon)
 I - the +8 halberd of the Traitor {vorpal, Dex+4}
   (You found it on level 8 of the Dungeon)

   It inflicts extra damage upon your enemies.
   It affects your dexterity (+4).
Missiles
 J - 39 boomerangs
 M - 4 javelins (quivered)
Armour
 b - a +2 leather armour
 d - a +0 pair of gloves (melded)
 r - a +2 buckler (worn)
 H - +0 swamp dragon scales (melded)
 L - the +2 leather armour of Watchfulness {Rampage rPois rN++ Will-}
   (You found it on level 12 of the Dungeon)

   It protects you from poison.
   It greatly protects you from negative energy.
   It affects your willpower, your defense against some magical effects.
   It bestows one free step when moving towards enemies.
Jewellery
 m - the ring "Foin" (right branch) {rF+ Will+ Str-4 Int+2 Dex+5}
   (Xom gifted it to you on level 11 of the Dungeon)

   [ring of willpower]

   It affects your strength (-4).
   It affects your intelligence (+2).
   It affects your dexterity (+5).
   It protects you from fire.
   It affects your willpower, your defense against some magical effects.
 n - an uncursed ring of flight
 C - an uncursed ring of poison resistance
 G - a +4 ring of evasion (left branch)
Wands
 D - a wand of flame (6)
 F - a wand of digging (4)
Scrolls
 a - a scroll of magic mapping
 f - 4 scrolls of remove curse
 g - 4 scrolls of blinking
 h - 11 scrolls of teleportation
 i - 3 scrolls of noise
 k - a scroll of identify
 l - 5 scrolls of enchant armour
 s - 2 scrolls of immolation {unknown}
 t - 2 scrolls of amnesia {unknown}
 u - 4 scrolls of fear
 y - 2 scrolls of fog {unknown}
 K - a scroll of summoning {unknown}
Potions
 c - 2 potions of resistance
 e - a potion of berserk rage
 o - a potion of curing
 p - 3 potions of brilliance
 q - 3 potions of might
 w - 2 potions of magic
 x - a potion of flight
 z - 2 potions of haste
 A - a potion of mutation
Miscellaneous
 E - a phial of floods (inert)


   Skills:
 + Level 13.4 Fighting
 + Level 12.4 Long Blades
 + Level 13.2 Armour
 - Level 0.8 Dodging
 - Level 5.4 Shields


You had 12 spell levels left.
You didn't know any spells.
Your spell library contained the following spells:

 Spells                   Type           Power        Failure   Level
 Magic Dart               Conj           0%           28%         1
 Summon Small Mammal      Summ           0%           28%         1
 Call Imp                 Summ           0%           41%         2
 Slow                     Hex            0%           41%         2
 Call Canine Familiar     Summ           0%           65%         3
 Conjure Flame            Conj/Fire      0%           65%         3
 Mephitic Cloud           Conj/Pois/Air  0%           65%         3
 Summon Guardian Golem    Hex/Summ       0%           65%         3
 Animate Dead             Necr           0%           96%         4
 Summon Ice Beast         Ice/Summ       0%           96%         4
 Summon Lightning Spire   Summ/Air       0%           96%         4
 Borgnjor's Vile Clutch   Necr/Erth      0%           100%        5
 Death Channel            Necr           0%           100%        6
 Simulacrum               Ice/Necr       0%           100%        6
 Blink                    Tloc           Unusable     N/A         2

Dungeon Overview and Level Annotations

Branches:
Dungeon (12/15)            Temple (1/1) D:5            Lair (0/6) D:10
    Orc (1/2) D:12          Sewer (visited)          Bailey (visited)

Altars:
Ashenzari
Cheibriados
Dithmenos
Elyvilon
Fedhas
Gozag
Hepliaklqana
Kikubaaqudgha
Makhleb
Nemelex Xobeh
Okawaru
Qazlal
Ru
Sif Muna
Trog
Uskayaw
Vehumet
Wu Jian
Xom
Yredelemnul
Zin
The Shining One

Annotations:
D:4 1 runed translucent door, rnawigator's ghost, amateur HOMo
D:8 1 runed translucent door, salade2fruit's ghost, novice OpTm
D:9 5 runed translucent doors, Haveh's ghost, novice GrEE; Pedro's ghost, journeyman FoFi; jlumianski's ghost, journeyman KoBe
D:10 Erolcha
D:12 Fannar; Nessos
Orc:1 Jorgrun


Innate Abilities, Weirdness & Mutations

You cannot be hasted, slowed, berserked, paralysed or teleported.
You can dig through walls and to a lower floor.
Your four strong arms can wield two-handed weapons with a shield.
((You have a pair of large antennae on your head. (SInv)))
((You have a beak for a mouth.))
((You have sharp fingernails.))
((You are partially covered in large bone plates. (SH +4)))
You are strong-willed. (Will+)
You passively map a small area around you.
You heal very quickly.
You are robust. (+10% HP)
((You are covered in fur. (AC +1)))
((Your movements are slightly less encumbered by armour. (ER -2)))


Message History

Your +0 pair of gloves melds into your body.
Your +0 swamp dragon scales melds into your body.
Your roots penetrate the ground.
Your +0 vorpal quarterstaff hits Jorgrun!
Jorgrun hits you but does no damage.
* * * LOW HITPOINT WARNING * * *
The grasping roots constrict you!
Unknown command.
You hit Jorgrun but do no damage.
Jorgrun is severely wounded.
Your +0 vorpal quarterstaff hits Jorgrun.
Unknown command.
You catch the helpless Jorgrun completely off-guard!
You hit Jorgrun but do no damage.
Jorgrun is severely wounded.
Your +0 vorpal quarterstaff hits Jorgrun!
Jorgrun points at you and mumbles some strange words.
The iron shot hits you!!
* * * LOW HITPOINT WARNING * * *
You die...

#.....#.##.....#.........#....#
#.#.#....##.....#......#..{...#
..........#...........##.....##
#.........##....≈≈≈≈≈..#....##
###.##.....# .#.≈####......##
#.###...####..≈#∩.......##
...###.##..##.≈#.....≈.##
##.##........#.≈#...≈#..#
###....##...#.♣g..≈#≈.. *
##.#####.....(..#≈... ##
##......≈..... ###..........,
*#.......... ........... *
##.#.#......, ######..... #.##.


You could see Jorgrun and a friendly +0 vorpal quarterstaff.

Vanquished Creatures
  Gastronok (D:9)
  3 two-headed ogres (D:12)
  Urug (D:12)
  Nergalle (D:12)
  Sonja (D:10)
  A death drake (D:11)
  An unseen horror (D:12)
  3 orc knights (Bailey)
  An ugly thing (D:12)
  A deep elf mage (D:12)
  A cyclops (D:12)
  A manticore (D:8)
  Maurice (D:12)
  Joseph (D:7)
  Maggie (D:7)
  A komodo dragon (D:10)
  2 rime drakes (Orc:1)
  A troll (D:12)
  A polar bear (D:10)
  Sigmund (D:6)
  A spriggan (shapeshifter) (D:4)
  A shadow (D:12)
  15 yaks
  4 wraiths
  Eustachio (D:4)
  Grum (D:8)
  7 vampire mosquitoes (D:12)
  Menkaure (D:5)
  A water moccasin (D:5)
  A swamp drake (D:6)
  6 ice beasts
  3 phantoms
  9 orc warriors
  3 sky beasts
  2 black bears
  2 necrophages
  7 ogres
  An eye of draining (D:8)
  6 centaurs
  5 wolves
  4 big kobolds (Sewer)
  8 bullfrogs
  A wyvern zombie (D:8)
  3 scorpions
  A wyvern skeleton (D:11)
  8 killer bees (D:7)
  4 wights (D:6)
  A howler monkey (D:11)
  2 bullfrog zombies
  4 hounds
  3 jellies
  2 bullfrog skeletons
  8 orc priests
  17 orc wizards
  2 centaur skeletons
  3 iguanas
  10 worker ants
  Robin (D:2)
  6 gnolls
  19 adders
  2 river rats (Sewer)
  2 white imps
  An ufetubus (D:9)
  4 oozes
  An adder zombie (D:9)
  10 worms
  A dart slug (D:2)
  3 leopard geckos
  48 orcs
  A ball python (D:6)
  6 giant cockroaches
  17 goblins
  11 hobgoblins
  7 jackals
  5 quokkas
  6 bats
  7 frilled lizards
  22 kobolds
  2 leopard gecko skeletons
  2 quokka skeletons
  11 rats
378 creatures vanquished.

Vanquished Creatures (collateral kills)
  2 centaur zombies (D:11)
  Prince Ribbit (D:7)
  A water moccasin (D:11)
  A killer bee (D:7)
  A bullfrog skeleton (D:11)
  A worker ant (D:11)
  A kobold (Bailey)
8 creatures vanquished.

Vanquished Creatures (others)
  A two-headed ogre (D:11)
  2 dancing weapons
  A vampire mosquito (D:12)
  6 plants
  5 withered plants
15 creatures vanquished.

Grand Total: 401 creatures vanquished

Notes
Turn   | Place    | Note
-------+----------+-------------------------------------------
     0 | D:1      | salade2fruit the Formicid Chaos Knight began the quest for
                  | the Orb.
     0 | D:1      | Reached XP level 1. HP: 18/18 MP: 1/1
    87 | D:1      | XOM: silly message
   139 | D:1      | Reached XP level 2. HP: 24/24 MP: 2/2
   202 | D:1      | XOM: stat loss: -1 Str (15/16)
  1083 | D:2      | Reached XP level 3. HP: 26/30 MP: 3/3
  1217 | D:2      | XOM: give mutations
  1217 | D:2      | Gained mutation: You do not regenerate when monsters are
                  | visible. [Xom's mischief]
  1217 | D:2      | Gained mutation: You are dopey. (Int -2) [Xom's mischief]
  1243 | D:2      | Identified the cursed +0 helmet "Jaskuel" {rF+ rC+}
  1243 | D:2      | Noticed Robin
  1252 | D:2      | XOM: confusion (+ monsters)
  1266 | D:2      | Killed Robin
  1267 | D:2      | Reached XP level 4. HP: 20/37 MP: 4/4
  1444 | D:2      | Found a shimmering blue altar of Sif Muna.
  1505 | D:2      | XOM: give mutations
  1505 | D:2      | Gained mutation: You have a beak for a mouth. [Xom's grace]
  1505 | D:2      | Lost mutation: You are dopey. (Int -2) [Xom's grace]
  1505 | D:2      | Gained mutation: You possess an exceptional clarity of
                  | mind. [Xom's grace]
  1813 | D:2      | XOM: give mutations
  1813 | D:2      | Gained mutation: You evolve. [Xom's grace]
  1813 | D:2      | Gained mutation: You have sharp fingernails. [Xom's grace]
  1875 | D:2      | Reached XP level 5. HP: 38/43 MP: 5/5
  2146 | D:3      | XOM: noise
  2210 | D:3      | XOM: give mutations
  2210 | D:3      | Gained mutation: You are weak. (Str -2) [Xom's mischief]
  2210 | D:3      | Gained mutation: You are clumsy. (Dex -2) [Xom's mischief]
  2321 | D:3      | XOM: cast spell 'Disjunction'
  2345 | D:3      | Found an opulent altar of Gozag.
  2438 | D:3      | Reached skill level 1 in Shields
  2479 | D:3      | Gained mutation: Your movements are slightly less
                  | encumbered by armour. (ER -2) [evolution]
  2652 | D:3      | Reached XP level 6. HP: 41/49 MP: 6/6
  3342 | D:4      | XOM: confuse monster(s)
  3348 | D:4      | Reached skill level 5 in Fighting
  3372 | D:4      | Noticed a shapeshifter
  3372 | D:4      | an adder changed into a shapeshifter
  3372 | D:4      | Noticed a spriggan
  3372 | D:4      | a shapeshifter changed into a spriggan
  3376 | D:4      | Killed a spriggan
  3377 | D:4      | Reached XP level 7. HP: 40/56 MP: 7/7
  3607 | D:4      | Found a runed translucent door.
  3607 | D:4      | Noticed rnawigator's ghost (amateur HOMo)
  3610 | D:4      | XOM: give mutation
  3610 | D:4      | Gained mutation: You are robust. (+10% HP) [Xom's grace]
  3814 | D:4      | Gained mutation: Your flesh is cold resistant. (rC+)
                  | [evolution]
  3867 | D:4      | Reached skill level 5 in Long Blades
  4543 | D:5      | Entered Level 5 of the Dungeon
  4558 | D:5      | Noticed Menkaure
  4683 | D:5      | Killed Menkaure
  4684 | D:5      | Reached skill level 5 in Armour
  4684 | D:5      | Reached XP level 8. HP: 55/70 MP: 8/8
  4867 | D:5      | Gained mutation: You are covered in fur. (AC +1)
                  | [evolution]
  5136 | D:5      | XOM: give mutations
  5136 | D:5      | Lost mutation: You are clumsy. (Dex -2) [Xom's grace]
  5136 | D:5      | Lost mutation: You do not regenerate when monsters are
                  | visible. [Xom's grace]
  5136 | D:5      | Gained mutation: Your natural rate of healing is unusually
                  | fast. [Xom's grace]
  5136 | D:5      | Gained mutation: You expend magic power (3 MP) to
                  | strengthen your wands. [Xom's grace]
  5235 | D:5      | Noticed Eustachio
  5246 | D:5      | Found a staircase to the Ecumenical Temple.
  5252 | D:5      | XOM: summons friendly crimson imp
  5254 | D:5      | XOM: fake destruction
  5256 | D:5      | XOM: polymorph river rat -> bullfrog
  5285 | D:4      | XOM: scenery: 1 doors close
  5500 | D:5      | Found a glowing golden altar of the Shining One.
  5500 | D:5      | Found a hide-covered altar of Uskayaw.
  5501 | D:5      | Found a white marble altar of Elyvilon.
  5503 | D:5      | Found a glowing silver altar of Zin.
  5534 | D:5      | XOM: silly message
  5568 | D:5      | XOM: polymorph quasit -> crimson imp
  5570 | D:5      | XOM: divine lightning
  5576 | D:4      | Killed Eustachio
  5621 | D:5      | Found a broken altar of Ashenzari.
  5639 | Temple   | XOM: noise
  5639 | Temple   | Entered the Ecumenical Temple
  5830 | D:6      | XOM: polymorph orc warrior -> swamp drake
  5916 | D:6      | Found a glowing drain.
  5919 | D:6      | XOM: polymorph rat -> leopard gecko
  5927 | D:6      | Reached skill level 5 in Shields
  5970 | Sewer    | Entered a sewer
  6022 | Sewer    | Reached XP level 9. HP: 78/78 MP: 9/9
  6049 | Sewer    | XOM: divination: detect creatures
  6122 | Sewer    | XOM: divination: detect creatures
  6188 | Sewer    | XOM: divination: detect items
  6198 | Sewer    | XOM: enchant monster (bad)
  6201 | Sewer    | XOM: potion effect (invisibility)
  6311 | Sewer    | XOM: noise
  6465 | D:6      | Found a snail-covered altar of Cheibriados.
  6487 | D:6      | Found a shimmering altar of Xom.
  6673 | D:6      | Noticed Sigmund
  6683 | D:6      | Killed Sigmund
  6695 | D:6      | XOM: potion effect (heal wounds)
  6708 | D:6      | XOM: silly message
  6884 | D:6      | XOM: divination: magic mapping
  7012 | D:6      | XOM: noise
  7121 | D:6      | XOM: divination: detect creatures
  7252 | D:7      | Noticed Maggie
  7260 | D:7      | XOM: cast spell 'Call Canine Familiar'
  7328 | D:7      | Reached XP level 10. HP: 83/90 MP: 6/10
  7328 | D:7      | XOM: confuse monster(s)
  7335 | D:7      | Killed Maggie
  7355 | D:7      | XOM: smoke on damage
  7783 | D:7      | XOM: god gift: robe {god gift}
  7786 | D:7      | Noticed Joseph
  7795 | D:7      | Noticed Prince Ribbit
  7806 | D:7      | Killed Prince Ribbit
  7813 | D:7      | Killed Joseph
  8321 | D:8      | XOM: divination: detect items
  8453 | D:8      | XOM: enchant monster (bad)
  8665 | D:8      | XOM: god gift: 55 gold pieces
  8704 | D:8      | Got a steaming halberd
  8705 | D:8      | Identified the +8 halberd of the Traitor {vorpal, Dex+4}
                  | (You found it on level 8 of the Dungeon)
  8824 | D:8      | XOM: stat loss: -1 Str (17/18)
  8915 | D:8      | Found a runed translucent door.
  8915 | D:8      | Noticed salade2fruit's ghost (novice OpTm)
  8970 | D:8      | Found a sparkling altar of Nemelex Xobeh.
  8974 | D:8      | Noticed a manticore
  8991 | D:8      | Killed a manticore
  9115 | D:8      | XOM: summons 2 friendly demons
  9221 | D:8      | Found a shadowy altar of Dithmenos.
  9259 | D:8      | Noticed Grum
  9285 | D:8      | XOM: scenery: summon butterflies
  9291 | D:8      | Killed Grum
  9298 | D:8      | Reached skill level 10 in Fighting
  9298 | D:8      | Reached XP level 11. HP: 52/99 MP: 9/11
  9303 | D:8      | XOM: swap monsters
  9514 | D:8      | Found a radiant altar of Vehumet.
  9607 | D:9      | Noticed Gastronok
  9644 | D:9      | XOM: potion effect (curing)
  9645 | D:9      | XOM: divination: magic mapping
  9653 | D:9      | XOM: cleaving
  9754 | D:9      | XOM: summons 6 friendly demons
  9804 | D:9      | Found a shimmering blue altar of Sif Muna.
  9863 | D:9      | Reached skill level 10 in Armour
  9900 | D:9      | XOM: enchant monster (good)
 10047 | D:9      | XOM: butterfly on damage
 10107 | D:9      | XOM: give mutations
 10107 | D:9      | Gained mutation: You heal very quickly. [Xom's grace]
 10107 | D:9      | Gained mutation: You have a somewhat thin skeletal
                  | structure. (Dex +2, Stealth) [Xom's grace]
 10107 | D:9      | Gained mutation: You are very robust. (+20% HP) [Xom's
                  | grace]
 10107 | D:9      | Gained mutation: You passively map a small area around you.
                  | [Xom's grace]
 10147 | D:9      | XOM: cast spell 'Alistair's Intoxication'
 10162 | D:9      | Killed Gastronok
 10163 | D:9      | Reached skill level 10 in Long Blades
 10290 | D:9      | XOM: give mutations
 10290 | D:9      | Lost mutation: You expend magic power (3 MP) to strengthen
                  | your wands. [Xom's mischief]
 10290 | D:9      | Lost mutation: Your flesh is cold resistant. (rC+) [Xom's
                  | mischief]
 10290 | D:9      | Lost mutation: You are weak. (Str -2) [Xom's mischief]
 10290 | D:9      | Lost mutation: You are very robust. (+20% HP) [Xom's
                  | mischief]
 10422 | D:9      | Found a runed translucent door.
 10423 | D:9      | Found a runed translucent door.
 10458 | D:9      | Found a runed translucent gate.
 10458 | D:9      | Found a runed translucent gate.
 10458 | D:9      | Found a runed translucent gate.
 10462 | D:9      | Noticed jlumianski's ghost (journeyman KoBe)
 10462 | D:9      | Noticed Haveh's ghost (novice GrEE)
 10463 | D:9      | Noticed Pedro's ghost (journeyman FoFi)
 10556 | D:9      | Found an iron altar of Okawaru.
 10678 | D:10     | Entered Level 10 of the Dungeon
 10723 | D:10     | Found a staircase to the Lair.
 10726 | D:10     | Noticed Sonja
 10750 | D:10     | XOM: fog
 10758 | D:10     | XOM: confuse monster(s)
 10772 | D:10     | Killed Sonja
 10868 | D:10     | Noticed Erolcha
 10884 | D:10     | XOM: god gift: 31 gold pieces
 10938 | D:10     | XOM: destruction
 10979 | D:10     | XOM: divination: detect creatures
 10985 | D:10     | XOM: divination: detect creatures
 11161 | D:11     | XOM: enchant monster (good)
 11219 | D:11     | Noticed a two-headed ogre
 11228 | D:11     | Killed a two-headed ogre
 11228 | D:11     | XOM: divine lightning
 11333 | D:11     | XOM: god gift: steaming bone ring {god gift}
 11334 | D:11     | Got a steaming bone ring {god gift}
 11337 | D:11     | Identified the ring "Foin" {rF+ Will+ Str-4 Int+2 Dex+5}
                  | (Xom gifted it to you on level 11 of the Dungeon)
 11344 | D:11     | XOM: potion effect (brilliance)
 11349 | D:11     | XOM: summons friendly chaos spawn
 11505 | D:11     | XOM: give mutations
 11505 | D:11     | Gained mutation: You are strong-willed. (Will+) [Xom's
                  | grace]
 11505 | D:11     | Gained mutation: You are partially covered in large bone
                  | plates. (SH +4) [Xom's grace]
 11505 | D:11     | Gained mutation: Your spells are a little harder to cast,
                  | but a little more powerful. [Xom's grace]
 11582 | D:11     | XOM: scenery: summon butterflies
 11708 | D:11     | XOM: confuse monster(s)
 11713 | D:11     | XOM: summons 11 friendly demons
 11719 | D:11     | Reached XP level 12. HP: 110/110 MP: 12/12
 11774 | D:11     | XOM: scenery: 2 doors open
 11830 | D:11     | XOM: divination: detect items
 11843 | D:11     | XOM: summons 5 friendly demons
 11912 | D:11     | XOM: fog
 12078 | D:11     | XOM: scenery: 2 doors close
 12309 | D:12     | Noticed Fannar
 12366 | D:12     | XOM: summons friendly iron imp
 12377 | D:12     | XOM: summons friendly quasit
 12559 | D:12     | Found a flagged portal.
 12568 | Bailey   | Entered a bailey
 12750 | Bailey   | XOM: summons friendly crimson imp
 12754 | Bailey   | XOM: cleaving
 12761 | Bailey   | XOM: confuse monster(s)
 12779 | Bailey   | XOM: summons 4 friendly demons
 12836 | Bailey   | XOM: polymorph orc warrior -> centaur
 13051 | Bailey   | XOM: give mutations
 13051 | Bailey   | Gained mutation: You are very robust. (+20% HP) [Xom's
                  | grace]
 13051 | Bailey   | Lost mutation: You evolve. [Xom's grace]
 13051 | Bailey   | Gained mutation: You are somewhat resistant to further
                  | mutation. [Xom's grace]
 13429 | D:12     | Noticed Nessos
 13459 | D:12     | Noticed a two-headed ogre
 13472 | D:12     | Killed a two-headed ogre
 13479 | D:12     | Noticed an unseen horror
 13485 | D:12     | XOM: divination: detect items
 13488 | D:12     | XOM: noise
 13495 | D:12     | Killed an unseen horror
 13607 | D:12     | XOM: summons 3 hostile shadow creatures
 13708 | D:12     | Noticed Josephine
 13710 | D:12     | Noticed Josephine
 13710 | D:12     | Josephine changed into Josephine the death drake
 13710 | D:12     | XOM: polymorph Josephine -> Josephine the death drake
 13713 | D:12     | XOM: cleaving
 13850 | D:11     | XOM: noise
 13851 | D:11     | XOM: noise
 13862 | D:11     | XOM: swap monsters
 13881 | D:11     | Killed Josephine the death drake
 14002 | D:12     | XOM: silly message
 14089 | D:12     | Got a polished leather armour
 14100 | D:12     | Identified the +2 leather armour of Watchfulness {Rampage
                  | rPois rN++ Will-} (You found it on level 12 of the Dungeon)
 14133 | D:12     | XOM: blink monster(s)
 14163 | D:12     | Reached XP level 13. HP: 101/130 MP: 13/13
 14245 | D:12     | XOM: torment (79/130 hp)
 14296 | D:12     | Found a staircase to the Orcish Mines.
 14336 | D:12     | XOM: cast spell 'Leda's Liquefaction'
 14451 | D:12     | XOM: divination: detect items
 14453 | D:12     | XOM: chaos cloud
 14545 | D:12     | Noticed Urug
 14557 | D:12     | Killed Urug
 14683 | D:12     | XOM: chaos cloud
 14690 | D:12     | XOM: give mutations
 14690 | D:12     | Lost mutation: You have sharp fingernails. [Xom's mischief]
 14690 | D:12     | Lost mutation: You are somewhat resistant to further
                  | mutation. [Xom's mischief]
 14699 | D:12     | Fannar changed into Fannar the glowing shapeshifter
 14699 | D:12     | XOM: polymorph Fannar -> Fannar the glowing shapeshifter
 14699 | D:12     | Noticed Fannar
 14699 | D:12     | Fannar the glowing shapeshifter changed into Fannar the
                  | anaconda
 14706 | D:12     | Noticed Fannar
 14712 | D:12     | Noticed Fannar
 14712 | D:12     | Fannar the entropy weaver changed into Fannar the
                  | catoblepas
 14719 | D:12     | Noticed Fannar
 14719 | D:12     | Fannar the catoblepas changed into Fannar the minotaur
 14722 | D:12     | Fannar the minotaur changed into Fannar the queen ant
 14724 | D:12     | Noticed Fannar
 14724 | D:12     | Fannar the queen ant changed into Fannar the ettin
 14728 | D:12     | Noticed Fannar
 14728 | D:12     | Fannar the ettin changed into Fannar the ice dragon
 14732 | D:12     | XOM: give mutations
 14732 | D:12     | Lost mutation: Your spells are a little harder to cast, but
                  | a little more powerful. [Xom's mischief]
 14732 | D:12     | Lost mutation: You possess an exceptional clarity of mind.
                  | [Xom's mischief]
 14732 | D:12     | Lost mutation: You have a somewhat thin skeletal structure.
                  | (Dex +2, Stealth) [Xom's mischief]
 14732 | D:12     | Noticed Fannar
 14732 | D:12     | Fannar the ice dragon changed into Fannar the ettin
 14733 | D:12     | Noticed Fannar
 14733 | D:12     | Fannar the ettin changed into Fannar the ice dragon
 14739 | D:12     | XOM: butterfly on damage
 14741 | D:12     | Noticed Fannar
 14741 | D:12     | Fannar the ice dragon changed into Fannar the dire elephant
 14746 | D:12     | Noticed Fannar
 14747 | D:12     | XOM: scenery: create altars
 14751 | D:12     | Noticed Fannar
 14751 | D:12     | Fannar the frost giant changed into Fannar the shadow
                  | dragon
 14753 | D:12     | XOM: summons 4 friendly demons
 14832 | D:12     | Noticed Fannar
 14832 | D:12     | Noticed Fannar
 14832 | D:12     | Fannar the shadow dragon changed into Fannar the frost
                  | giant
 14837 | D:12     | Noticed Fannar
 14841 | D:12     | Noticed Fannar
 14842 | D:12     | Noticed Fannar
 14842 | D:12     | Fannar the shadow dragon changed into Fannar the fenstrider
                  | witch
 14973 | Orc:1    | Entered Level 1 of the Orcish Mines
 14973 | Orc:1    | Noticed Nergalle
 14973 | Orc:1    | Noticed Maurice
 14974 | Orc:1    | XOM: enchant monster (good)
 14977 | Orc:1    | XOM: give mutations
 14977 | Orc:1    | Gained mutation: You are clumsy. (Dex -2) [Xom's mischief]
 14977 | Orc:1    | Lost mutation: You are very robust. (+20% HP) [Xom's
                  | mischief]
 14977 | Orc:1    | Lost mutation: You are clumsy. (Dex -2) [Xom's mischief]
 14977 | Orc:1    | Gained mutation: You have sharp fingernails. [Xom's
                  | mischief]
 14985 | D:12     | XOM: enchant monster (good)
 14989 | D:12     | XOM: smoke on damage
 14998 | D:12     | Killed Nergalle
 15025 | D:12     | XOM: swap monsters
 15088 | D:12     | XOM: summons 1 hostile shadow creature
 15141 | D:12     | Killed Maurice
 15433 | Orc:1    | Noticed Jorgrun
 15452 | Orc:1    | XOM: confuse monster(s)
 15454 | Orc:1    | XOM: summons 3 friendly demons
 15595 | Orc:1    | XOM: enchant monster (good)
 15598 | Orc:1    | Found a frozen archway.
 15616 | Orc:1    | HP: 5/183 [Jorgrun/iron shot (34)]
 15616 | Orc:1    | Mangled by Jorgrun

Illustrated notes

Levels and vault maps discovered:
D:1:      lightli_arrival_statuegarden, layout_basic, chequers_big_river
D:2:      layout_rooms, nicolae_overflow_crystal_walls,
          minmay_misc_feat_ornament, uniq_robin
D:3:      layout_basic, old_standard_altar
D:4:      layout_basic, hellmonk_ghost_happy_afterlife
D:5:      layout_cave_pools, marbit_many_paths, minitemple,
          minmay_temple_entry_proselytizer, uniq_menkaure, uniq_eustachio
D:6:      layout_loops_ring, grunt_temple_overflow_open, portal_sewer_entry_a,
          minmay_misc_feat_rugged, uniq_sigmund
D:7:      layout_loops_ring, grunt_ministairs_11, uniq_maggie, uniq_joseph,
          uniq_prince_ribbit1
D:8:      layout_loops_cross, lemuel_crystal_altar, kennysheep_little_box,
          lemuel_coloured_pillars_altar, gammafunk_ghost_grave,
          nicolae_straight_to_the_point, uniq_grum
D:9:      lemuel_insect_pit, layout_gridville, kennysheep_okawaru_gauntlet,
          basic_altar, gammafunk_ghost_cemetery, uniq_gastronok
D:10:     layout_loops_corners, david_lair_shrubbed, serial_ice, serial_ice_m,
          serial_ice_f, serial_ice_a, serial_ice_e, st_stairs_9, uniq_erolcha,
          uniq_sonja
D:11:     layout_stronghold
D:12:     layout_basic, david_orc_2, enter_bailey_8, minmay_misc_feat_x,
          minivault_26, uniq_urug, uniq_josephine, uniq_fannar, uniq_nessos
Temple:   jpeg_temple_island
Orc:1:    layout_caves, portal_ice_cave_rime, uniq_jorgrun, uniq_nergalle,
          uniq_maurice

Skill      XL: |  1  2  3  4  5  6  7  8  9 10 11 12 13 |
---------------+----------------------------------------+-----
Armour         | 3 4 5 6 7 9 11 12 13 | 13.2
Fighting       | 4 5 6 8 10 11 12 13 | 13.4
Long Blades    | 4 5 6 7 9 10 11 12 | 12.4
Shields        | 1 3 5 |  5.4
Dodging        | |  0.8

Action                   |  1- 3 |  4- 6 |  7- 9 | 10-12 | 13-15 || total
-------------------------+-------+-------+-------+-------+-------++-------
Melee: Falchion          |    71 |   171 |   154 |       |       ||   396
       Peck              |       |    24 |    81 |   253 |    77 ||   435
       Long sword        |       |       |   289 |   976 |    46 ||  1311
       Halberd           |       |       |       |    11 |       ||    11
       Scimitar          |       |       |       |       |   193 ||   193
       Unarmed           |       |       |       |       |     1 ||     1
 Abil: Dig               |       |       |       |     2 |       ||     2
       Evoke Flight      |       |       |       |     1 |       ||     1
Evoke: Wand              |       |       |     3 |    26 |     2 ||    31
       Phial of floods   |       |       |       |       |     1 ||     1
  Use: Scroll            |       |     6 |     1 |     1 |     9 ||    17
       Potion            |       |       |     5 |    13 |     1 ||    19
 Stab: Sleeping          |     1 |       |     9 |     1 |     1 ||    12
       Paralysed         |       |       |     8 |       |       ||     8
       Invisible         |       |       |     6 |       |       ||     6
       Confused          |       |       |       |    10 |       ||    10
       Petrified         |       |       |       |     1 |       ||     1
       Distracted        |       |       |       |     1 |     1 ||     2
Armor: Leather armour    |    20 |    48 |   108 |    37 |    17 ||   230
       Swamp dragon scal |       |       |       |   179 |    13 ||   192
       Skin              |       |       |       |       |     1 ||     1
Dodge: Dodged            |    44 |   100 |   220 |   485 |    80 ||   929
Block: Buckler           |       |    21 |   129 |   418 |   123 ||   691
       Rpst.: Falchion   |    17 |    41 |    41 |       |       ||    99
       Long sword        |       |       |    29 |   152 |     4 ||   185
       Scimitar          |       |       |       |       |    15 ||    15
